 Dungeon Crawl Stone Soup version 0.28-a0-429-g1448048969 (webtiles) character file.

Game seed: 17333117099295780272

2400 PezzR the Fighter (level 9, -10/86 HPs)
             Began as a Minotaur Fighter on Sept 10, 2021.
             Was a Priest of Okawaru.
             Killed from afar by an electric eel (12 damage)
             ... with a bolt of electricity
             ... on level 7 of the Dungeon.
             The game lasted 00:18:45 (8098 turns).

PezzR the Fighter (Minotaur Fighter)                Turns: 8098, Time: 00:18:46

Health: -10/86     AC: 14    Str: 24    XL:     9   Next: 23%
Magic:  8/8        EV:  8    Int:  5    God:    Okawaru [***...]
Gold:   359        SH:  9    Dex: 10    Spells: 8/8 levels left

rFire   . . .      SeeInvis .   a - +0 war axe
rCold   . . .      Faith    .   c - +0 buckler
rNeg    + . .      Spirit   .   l - +2 chain mail {rN+}
rPois   .          Reflect  +   (helmet restricted)
rElec   .          Harm     .   (no cloak)
rCorr   .          Rampage  .   g - +2 pair of gloves {archery}
Will    .....                   (no boots)
Stlth   ..........              r - amulet of reflection
HPRegen 0.24/turn               (no ring)
MPRegen 0.11/turn               (no ring)

@: very slow
A: horns 2, retaliatory headbutt
a: Renounce Religion, Heroism


You were on level 7 of the Dungeon.
You worshipped Okawaru.
Okawaru was most pleased with you.
You visited 2 branches of the dungeon, and saw 8 of its levels.

You collected 359 gold pieces.

Inventory:

Hand Weapons
 a - a +0 war axe (weapon)
Missiles
 n - 18 poisoned darts (quivered)
Armour
 b - a +0 scale mail
 c - a +0 buckler (worn)
 g - a +2 pair of gloves of archery (worn)
 l - a +2 chain mail of positive energy (worn)
Jewellery
 r - an amulet of reflection (around neck)
Wands
 f - a wand of polymorph (8)
 m - a wand of charming (3)
 v - a wand of flame (16)
Scrolls
 e - a scroll of blinking
 p - 2 scrolls of vulnerability
 t - a scroll of noise {unknown}
 u - a scroll of amnesia {unknown}
Potions
 d - 2 potions of might
 h - a potion of berserk rage {unknown}
 i - a potion of brilliance {unknown}
 j - a potion of attraction {unknown}
 k - 2 potions of flight
 o - a potion of ambrosia {unknown}
 s - 2 potions of curing {unknown}


   Skills:
 + Level 10.3 Fighting
 + Level 10.0 Axes
 - Level 3.6 Armour
 - Level 4.0 Stealth
 - Level 3.6 Shields


You had 8 spell levels left.
You didn't know any spells.
Your spell library contained the following spells:

 Spells                   Type           Power      Damage    Failure   Level
 Foxfire                  Conj/Fire      0%         2x1d4     99%         1
 Magic Dart               Conj           0%         1d3       99%         1
 Ensorcelled Hibernation  Hex/Ice        0%         N/A       99%         2
 Searing Ray              Conj           0%         2d4       99%         2
 Conjure Flame            Conj/Fire      0%         6-21      100%        3
 Inner Flame              Hex/Fire       0%         N/A       100%        3
 Spider Form              Tmut/Pois      0%         N/A       100%        3
 Flame Wave               Conj/Fire      0%         3d3       100%        4
 Fulminant Prism          Conj/Hex       0%         3d6       100%        4


Dungeon Overview and Level Annotations

Branches:
Dungeon (7/15)             Temple (1/1) D:4

Altars:
Ashenzari
Cheibriados
Dithmenos
Elyvilon
Fedhas
Gozag
Hepliaklqana
Kikubaaqudgha
Makhleb
Nemelex Xobeh
Okawaru
Qazlal
Ru
Sif Muna
Trog
Uskayaw
Vehumet
Wu Jian
Xom
Yredelemnul
Zin
The Shining One

Shops:
D:2 *

Annotations:
D:3 Menkaure
D:5 2 transporters, NigelTetley's ghost, novice MiFi


Innate Abilities, Weirdness & Mutations

You have a pair of horns on your head.
You reflexively headbutt those who attack you in melee.


Message History

You slash the orc!
You kill the orc!
Okawaru accepts your kill.
An electric eel comes into view.
The electric eel shoots out a bolt of lightning at you!
The bolt of electricity hits the plant!
The plant begins to die.
The bolt of electricity hits you.
The electric eel shoots out a bolt of lightning at you!
The bolt of electricity hits the plant!
The bolt of electricity hits you.
An electric eel comes into view.
The electric eel shoots out a bolt of lightning at you!
The bolt of electricity hits you!
The electric eel shoots out a bolt of lightning at you!
The bolt of electricity hits the plant!
The plant begins to die.
The bolt of electricity hits you. The bolt of electricity hits you!
The electric eel shoots out a bolt of lightning at you!
The bolt of electricity hits the plant!
The bolt of electricity hits you but does no damage.
A nearby plant withers and dies.
The electric eel shoots out a bolt of lightning at you!
The bolt of electricity hits you. The bolt of electricity hits you!
The electric eel shoots out a bolt of lightning at you!
The bolt of electricity hits you.
The electric eel shoots out a bolt of lightning at you!
The bolt of electricity hits you. The bolt of electricity hits you!
* * * LOW HITPOINT WARNING * * *
The electric eel shoots out a bolt of lightning at you!
The bolt of electricity hits the electric eel.
The electric eel completely resists.
The bolt of electricity misses you. The bolt of electricity hits you!
* * * LOW HITPOINT WARNING * * *
You enter the shallow water.
Moving in this stuff is going to be slow.
An electric eel comes into view.
The electric eel shoots out a bolt of lightning at you!
The bolt of electricity hits you!
* * * LOW HITPOINT WARNING * * *
The electric eel shoots out a bolt of lightning at you!
The bolt of electricity hits you!
You die...

##### ♣##...###
♣@;≈♣...##
♣≈♣♣♣h♣≈..###
≈≈≈≈P≈≈;♣;...##
≈≈≈≈≈≈≈≈≈≈≈P♣≈..##
≈≈≈;≈≈≈≈≈♣≈≈♣≈≈≈≈..#
≈≈≈≈≈≈≈≈≈≈≈≈≈≈≈≈≈♣.#
≈≈≈≈≈≈≈≈≈≈≈≈P≈≈≈P♣.#
≈≈≈≈≈≈≈≈≈≈≈≈≈≈≈≈♣♣.#
≈≈≈P≈≈≈≈≈♣..#


You could see a black bear and 2 electric eels.

Vanquished Creatures
  Pikel (D:3)
  Grinder (D:6)
  Prince Ribbit (D:5)
  A water moccasin (D:5)
  2 ogres
  2 lemures
  2 necrophages
  2 phantoms
  A kobold brigand (D:3)
  3 bullfrogs
  2 scorpions
  A water moccasin skeleton (D:5)
  2 howler monkeys
  A bullfrog zombie (D:5)
  A jelly (D:5)
  2 hounds
  2 orc priests
  6 iguanas
  A centaur skeleton (D:6)
  An orc wizard (D:7)
  2 howler monkey skeletons (D:5)
  4 adders
  A white imp (D:7)
  3 ufetubi (D:5)
  An adder skeleton (D:4)
  A worm (D:2)
  19 orcs
  8 ball pythons
  9 endoplasms
  2 giant cockroaches
  6 hobgoblins
  4 quokkas
  4 bats
  3 frilled lizards (D:1)
  5 goblins
  2 kobolds
  5 rats
114 creatures vanquished.

Vanquished Creatures (others)
  An orc (D:7)
  33 plants (D:7)
34 creatures vanquished.

Grand Total: 148 creatures vanquished

Notes
Turn   | Place    | Note
-------+----------+-------------------------------------------
     0 | D:1      | PezzR the Minotaur Fighter began the quest for the Orb.
     0 | D:1      | Reached XP level 1. HP: 19/19 MP: 0/0
   271 | D:1      | Reached XP level 2. HP: 27/27 MP: 1/1
   548 | D:1      | Reached skill level 1 in Stealth
   583 | D:1      | Found a faded altar of an unknown god.
  1275 | D:2      | Reached XP level 3. HP: 33/33 MP: 2/2
  1646 | D:2      | Found Uvim's General Store.
  1764 | D:3      | Reached XP level 4. HP: 11/41 MP: 3/3
  2830 | D:4      | Noticed a lemure
  2830 | D:4      | Noticed a lemure
  2847 | D:4      | Killed a lemure
  2851 | D:4      | Noticed Pikel
  3137 | D:3      | Killed a lemure
  3244 | D:4      | Noticed a lemure
  3319 | D:3      | Reached skill level 5 in Fighting
  3319 | D:3      | Reached XP level 5. HP: 48/48 MP: 4/4
  3327 | D:4      | Noticed a lemure
  3342 | D:3      | Killed Pikel
  3343 | D:3      | Reached skill level 5 in Axes
  3343 | D:3      | Reached XP level 6. HP: 22/57 MP: 5/5
  3343 | D:3      | Reached XP level 7. HP: 24/63 MP: 6/6
  3537 | D:4      | Noticed Menkaure
  3574 | D:3      | HP: 3/64 [poisoned by a kobold brigand]
  4796 | D:4      | Found a staircase to the Ecumenical Temple.
  4813 | Temple   | Entered the Ecumenical Temple
  4924 | Temple   | Became a worshipper of Warmaster Okawaru
  5158 | D:5      | Entered Level 5 of the Dungeon
  5203 | D:5      | Noticed NigelTetley's ghost (novice MiFi)
  5322 | D:5      | Noticed Prince Ribbit
  5331 | D:5      | Reached * piety under Okawaru
  5336 | D:5      | Killed Prince Ribbit
  5337 | D:5      | Reached XP level 8. HP: 9/74 MP: 7/7
  5916 | D:5      | Found a transporter.
  5938 | D:5      | Found a white marble altar of Elyvilon.
  5946 | D:5      | Found a transporter.
  6397 | D:6      | Noticed Grinder
  6428 | D:5      | Reached ** piety under Okawaru
  6514 | D:6      | Killed Grinder
  6713 | D:6      | Reached XP level 9. HP: 85/85 MP: 8/8
  6854 | D:6      | Reached skill level 10 in Fighting
  7161 | D:7      | Reached *** piety under Okawaru
  7576 | D:6      | Reached skill level 10 in Axes
  8098 | D:7      | HP: 2/86 [electric eel/bolt of electricity (13)]
  8098 | D:7      | Killed from afar by an electric eel

Illustrated notes

Levels and vault maps discovered:
D:1:      wheals_arrival_linesprint, layout_loops_ring,
          shapermc_ecumenical_altar_ellora, serial_bayou_ford_a,
          chequers_serial_rivers_large_a
D:2:      layout_loops_ring, serial_shops, shop
D:3:      layout_loops_corners
D:4:      layout_rooms, minmay_temple_entry_offerings, uniq_menkaure, uniq_pikel
D:5:      layout_rooms, kennysheep_mini_moat, gammafunk_ghost_smash,
          st_stairs_3, uniq_prince_ribbit1
D:6:      layout_cave_pools, uniq_grinder
D:7:      layout_rooms, serial_bayou, serial_bayou_lake_a, serial_bayou_pond_c,
          serial_bayou_shore_b, serial_bayou_pond_e, serial_bayou_lagoon_a,
          serial_bayou_pond_a
Temple:   kilobyte_greek_temple

Skill      XL: |  1  2  3  4  5  6  7  8  9 |
---------------+----------------------------+-----
Fighting       | 4 5 6 8 9 10 | 10.3
Axes           | 3 4 5 7 9 10 | 10.0
Stealth        | 1 2 3 4 |  4.0
Armour         | |  3.6
Shields        | |  3.6

Action                   |  1- 3 |  4- 6 |  7- 9 || total
-------------------------+-------+-------+-------++-------
Melee: War axe           |    84 |    51 |   173 ||   308
       Headbutt          |    10 |     9 |    32 ||    51
Throw: Dart              |       |     2 |    16 ||    18
  Use: Potion            |       |       |     1 ||     1
       Scroll            |       |       |     5 ||     5
Armor: Scale mail        |    30 |     1 |       ||    31
       Chain mail        |       |    32 |    74 ||   106
Dodge: Dodged            |    42 |    22 |    58 ||   122
Block: Buckler           |    13 |    10 |    92 ||   115
       Reflection        |       |       |     3 ||     3

Table legend: (Time is in decaauts)
 A = Elapsed time spent in this place.
 B = Non-inter-level travel time spent in this place.
 C = Inter-level travel time spent in this place.
 D = Time resting spent in this place.
 E = Time spent auto-exploring this place.
 F = Levels seen in this place.
 G = Mean time per level.
                   A        B        C        D        E       F      G
               +--------+--------+--------+--------+--------+-----+--------+
         Total |   8210 |   7847 |    363 |   2955 |   3388 |   8 | 1026.2 |
       Dungeon |   8059 |   7720 |    339 |   2955 |   3293 |   7 | 1151.3 |
        Temple |    150 |    126 |     24 |      0 |     95 |   1 |  150.0 |
               +--------+--------+--------+--------+--------+-----+--------+

Top non-repeatable levels by time:
     D:3: 2207 daAuts
     D:6: 1437 daAuts
     D:5: 1232 daAuts
     D:1: 1209 daAuts
     D:2: 1086 daAuts
     D:4: 591 daAuts
     D:7: 294 daAuts
  Temple: 150 daAuts
